 Dungeon Crawl Stone Soup version 0.30-a0-778-g2ef04afb54 (webtiles) character file.

Game seed: 3839947815230888111

875 Pimp the Slasher (level 8, -1/67 HPs)
             Began as a Meteoran Fighter on Feb 15, 2023.
             Was an Initiate of Okawaru.
             Slain by Grinder (3 damage)
             ... while paralysed by Grinder
             ... on level 5 of the Dungeon.
             The game lasted 00:15:59 (2896 turns).

Pimp the Slasher (Meteoran Fighter)                 Turns: 2896, Time: 00:16:00

Health: -1/67      AC:  9    Str: 19    XL:     8   Next: 49%
Magic:  18/18      EV:  2    Int: 10    God:    Okawaru [......]
Gold:   106        SH:  0    Dex: 14    Spells: 6/7 levels left

rFire   + . .      SeeInvis .    a - +0 long sword
rCold   + . .      Faith    .    c - +0 buckler
rNeg    . . .      Spirit   .    b - +0 scale mail
rPois   .          Reflect  .    m - +0 helmet
rElec   .          Harm     .    l - scarf {rC+ rF+}
rCorr   .          Rampage  .    (no gloves)
Will    +....                    (no boots) Stlth
                                 (no amulet)
HPRegen 0.31/turn                h - ring of magical power
MPRegen 0.16/turn                (no ring)

@: paralysed, hasted, glowing, bezotted
A: sense surroundings 1, otherworldly, glowing, explore regen
a: Renounce Religion


You were on level 5 of the Dungeon.
You worshipped Okawaru.
Okawaru was noncommittal.
You visited 1 branch of the dungeon, and saw 5 of its levels.

You collected 106 gold pieces.

Inventory:

Hand Weapons
 a - a +0 long sword (weapon)
Missiles
 j - 9 poisoned darts (quivered)
 w - a throwing net
Armour
 b - a +0 scale mail (worn)
 c - a +0 buckler (worn)
 l - a scarf of resistance (worn)
 m - a +0 helmet (worn)
 q - a +0 pair of gloves
Jewellery
 h - a ring of magical power (left hand)
Wands
 d - a wand of polymorph (5)
 n - a wand of roots (2)
Scrolls
 e - a scroll of torment
 f - a scroll of identify
 g - a scroll of blinking {unknown}
 k - a scroll of silence {unknown}
 o - 2 scrolls of teleportation {unknown}
 r - a scroll of magic mapping {unknown}
 t - a scroll of vulnerability {unknown}
 v - a scroll of noise {unknown}
Potions
 p - a potion of ambrosia {unknown}
 s - a potion of attraction {unknown}
 u - a potion of curing {unknown}


   Skills:
 + Level 4.6 Fighting
 + Level 7.1 Long Blades
 + Level 0.2 Throwing
 + Level 6.3 Armour
 + Level 2.1 Dodging
 + Level 0.4 Stealth
 + Level 5.3 Shields


You had 6 spell levels left.
You knew the following spells:

 Your Spells              Type           Power      Damage    Failure   Level
a - Kiss of Death         Conj/Necr      0%         2d5       80%         1

Your spell library contained the following spells:

 Spells                   Type           Power      Damage    Failure   Level
 Necrotise                Necr           0%         1d4       80%         1
 Confusing Touch          Hex            0%         N/A       99%         3
 Vampiric Draining        Necr           0%         2d6       99%         3
 Dispel Undead            Necr           0%         3d6       100%        4
 Agony                    Necr           0%         N/A       100%        5


Dungeon Overview and Level Annotations

Branches:
Dungeon (5/15) Zot: 47
 Temple: D:4-7

Altars:
Dithmenos
Gozag
Okawaru
Qazlal
Wu Jian

Annotations:
D:5 Grinder


Innate Abilities, Weirdness & Mutations

You passively map a small area around you.
You are easily found by Zot.
You glow in the dark.
You regain HP and MP as you explore.


Message History

* * * LOW HITPOINT WARNING * * *
You writhe in agony.
* * * LOW HITPOINT WARNING * * *
You slash Grinder!
Grinder is heavily wounded.
Grinder gestures at you.
You easily resist.
Grinder gestures at you.
You suddenly lose the ability to move!
Grinder hits you.
* * * LOW HITPOINT WARNING * * *
You writhe in agony.
* * * LOW HITPOINT WARNING * * *
Grinder hits you but does no damage. x3
You can move again.
You feel yourself speed up. Grinder hits you but does no damage.
You slash Grinder!
Grinder is severely wounded.
You hit Grinder but do no damage.
Grinder is severely wounded.
Grinder hits you but does no damage.
You slash Grinder!
Grinder is almost dead.
You block Grinder's attack.
You barely miss Grinder.
Grinder is almost dead.
You barely miss Grinder.
Grinder is almost dead.
Grinder gestures at you.
You suddenly lose the ability to move!
Zot draws nearer.
Dive deeper or flee this branch before you suffer!
Grinder says, "You look like you could use a good racking."
Grinder gestures at you. Pain shoots through your body!
* * * LOW HITPOINT WARNING * * *
Grinder hits you but does no damage. Grinder hits you.
* * * LOW HITPOINT WARNING * * *
You writhe in agony.
You die...

* , ,
##### ** *
##<#.#
#....# ***
* #..#.#
#.####.#
#....@5#,
** **
########,,
, *


You could see Grinder.

Vanquished Creatures
  Sigmund (D:3)
  An ogre (D:4)
  3 scorpions (D:4)
  A centaur zombie (D:4)
  2 hounds (D:4)
  A bullfrog zombie (D:4)
  A jelly (D:4)
  A gnoll bouda (D:4)
  A human zombie (D:4)
  Ijyb (D:3)
  Natasha (D:3)
  An iguana (D:2)
  An adder (D:3)
  7 gnolls (D:4)
  An adder zombie (D:4)
  3 worms
  A dart slug (D:4)
  An orc (D:3)
  7 ball pythons
  6 bats
  7 endoplasms
  2 giant cockroaches (D:1)
  6 goblins
  9 hobgoblins
  3 quokkas (D:2)
  9 frilled lizards (D:2)
  4 kobolds
  3 rats
85 creatures vanquished.

Vanquished Creatures (others)
  5 plants (D:2)
5 creatures vanquished.

Grand Total: 90 creatures vanquished

Notes
Turn   | Place    | Note
-------+----------+-------------------------------------------
     0 | D:1      | Pimp the Meteoran Fighter began the quest for the Orb.
     0 | D:1      | Reached XP level 1. HP: 19/19 MP: 2/2
    69 | D:1      | Reached XP level 2. HP: 26/26 MP: 3/3
    91 | D:1      | Found a faded altar of an unknown god.
   195 | D:1      | Reached skill level 3 in Long Blades
   409 | D:1      | Reached XP level 3. HP: 31/31 MP: 4/4
   486 | D:1      | Glimpsed the power of Zot.
   548 | D:2      | Reached skill level 4 in Long Blades
   548 | D:2      | Reached XP level 4. HP: 16/38 MP: 5/5
   946 | D:3      | Reached XP level 5. HP: 34/46 MP: 6/6
   970 | D:3      | Noticed Ijyb
   973 | D:3      | Noticed Sigmund
  1280 | D:3      | Killed Sigmund
  1281 | D:3      | Reached skill level 5 in Long Blades
  1281 | D:3      | Reached skill level 1 in Dodging
  1281 | D:3      | Reached XP level 6. HP: 24/52 MP: 7/7
  1284 | D:3      | Killed Ijyb
  1285 | D:3      | Reached skill level 5 in Armour
  1322 | D:3      | Noticed Natasha
  1335 | D:3      | Killed Natasha
  1486 | D:3      | Reached XP level 7. HP: 57/59 MP: 8/8
  1657 | D:3      | Glimpsed the power of Zot.
  1777 | D:4      | Reached skill level 6 in Long Blades
  1862 | D:4      | Reached XP level 8. HP: 56/67 MP: 9/9
  1911 | D:4      | Reached skill level 5 in Shields
  1918 | D:4      | Found an iron altar of Okawaru.
  1926 | D:4      | Found an opulent altar of Gozag.
  1926 | D:4      | Found a stormy altar of Qazlal.
  1928 | D:4      | Found an ornate altar of the Wu Jian Council.
  1928 | D:4      | Found a shadowy altar of Dithmenos.
  1952 | D:4      | Became a worshipper of Warmaster Okawaru
  2166 | D:5      | Entered Level 5 of the Dungeon
  2664 | D:4      | Learned a level 1 spell: Kiss of Death
  2681 | D:4      | Reached skill level 7 in Long Blades
  2844 | D:4      | Glimpsed the power of Zot.
  2875 | D:5      | Noticed Grinder
  2883 | D:5      | Paralysed by Grinder for 5 turns
  2893 | D:5      | Paralysed by Grinder for 3 turns
  2894 | D:5      | Glimpsed the power of Zot.
  2896 | D:5      | HP: 2/67 [Grinder (4)]
  2896 | D:5      | Slain by Grinder

Illustrated notes

Levels and vault maps discovered:
D:1:      amcnicky_arrival_single_pillar, layout_basic, basic_ecumenical_altar
D:2:      layout_basic, chequers_serial_rivers_small_b, serial_bayou_pond_b,
          hangedman_feature_mirror, minmay_lizard_king
D:3:      layout_basic, uniq_natasha, uniq_sigmund, uniq_ijyb
D:4:      layout_loops_ring, lemuel_mausoleum_altar_kikubaaqudgha,
          grunt_temple_overflow_open, pf_guarded_unrand_woodcutter
D:5:      layout_basic, nzn_overflow_gifts_of_might_and_magic, st_stairs_7,
          minivault_1, uniq_grinder

Skill      XL: |  1  2  3  4  5  6  7  8 |
---------------+-------------------------+-----
Long Blades    | 3 4 5 6 7 |  7.1
Armour         | 4 5 6 |  6.3
Fighting       | 4 |  4.6
Dodging        | 1 2 |  2.1
Shields        | 4 5 |  5.3
Throwing       | |  0.2
Stealth        | |  0.4

Action                     |  1- 3 |  4- 6 |  7- 9 || total
---------------------------+-------+-------+-------++-------
  Melee: Long sword        |    61 |   110 |   150 ||   321
  Throw: Dart              |       |       |    14 ||    14
  Evoke: Wand              |       |       |     2 ||     2
    Use: Scroll            |       |     2 |       ||     2
         Potion            |       |     1 |     2 ||     3
 Armour: Scale mail        |    38 |   120 |    90 ||   248
  Dodge: Dodged            |    19 |    58 |    64 ||   141
  Block: Buckler           |    10 |    47 |    53 ||   110

Table legend: (Time is in decaauts)
 A = Elapsed time spent in this place.
 B = Non-inter-level travel time spent in this place.
 C = Inter-level travel time spent in this place.
 D = Time resting spent in this place.
 E = Time spent auto-exploring this place.
 F = Levels seen in this place.
 G = Mean time per level.
                   A        B        C        D        E       F      G
               +--------+--------+--------+--------+--------+-----+--------+
         Total |   2951 |   2942 |      9 |    209 |   1499 |   5 |  590.2 |
       Dungeon |   2951 |   2942 |      9 |    209 |   1499 |   5 |  590.2 |
               +--------+--------+--------+--------+--------+-----+--------+

Top non-repeatable levels by time:
     D:4: 1101 daAuts
     D:2: 707 daAuts
     D:1: 523 daAuts
     D:3: 493 daAuts
     D:5: 124 daAuts
